AoeStats
← Fs.Black_

Coastal Forest

503278137Analyzed
4v4 RM · 1mo ago on Aug 30, 2026· 39m 38s· 8 players
Game mode
Random Map
Map size
Large (8 player)
Population
200
Speed
Normal
Resources
Standard
Victory
Conquest
Starting age
Dark Age
Ending age
Imperial Age
RankedLock teamsTeams togetherTeam positionsShared explorationLock speedFull tech treeHidden civsTurbo modeCheats
Victory
Defeat
🇧🇷 Persians · Brazil
1761
+13
🇧🇷 Magyars · Brazil
1720
+14
🇧🇷 Lithuanians · Brazil
1716
+15
🇧🇷 Shu · Brazil
1450
+25
🇵🇪 Persians · Peru
1859
-24
🇨🇱 Mongols · Chile
1722
-19
🇨🇱 Tatars · Chile
1593
-13
🇨🇱 Sicilians · Chile
1564
-12
Fs.Nx Imperial
7:41 Loom
10:05 Feudal Age
10:47 Double-Bit Axe
19:44 Castle Age
18:55 Fletching
20:41 Medium Warships
20:56 Bow Saw
20:48 Light Cavalry
22:03 Bodkin Arrow
26:47 Horse Collar
28:33 Bloodlines
32:36 Scale Barding Armor
34:11 Chain Barding Armor
40:14 Imperial Age
38:21 Wheelbarrow
40:03 Gold Mining
NJ
6:04 Loom
9:12 Feudal Age
10:00 Double-Bit Axe
12:52 Fletching
22:45 Castle Age
21:04 Gold Mining
21:32 Horse Collar
22:48 Crossbowman
23:33 Thumb Ring
23:24 Bodkin Arrow
25:07 Padded Archer Armor
27:41 Ballistics
34:14 Bow Saw
34:55 Wheelbarrow
41:02 Imperial Age
39:03 Leather Archer Armor
39:54 Murder Holes
Fs.Black_
5:49 Loom
8:44 Feudal Age
10:26 Horse Collar
11:45 Double-Bit Axe
17:17 Scale Barding Armor
17:59 Bloodlines
18:18 Bloodlines
19:08 Wheelbarrow
22:56 Castle Age
21:41 Forging
21:31 Gold Mining
23:45 Chain Barding Armor
32:59 Iron Casting
37:03 Bow Saw
Fs.Nicolau Mendes
8:46 Feudal Age
9:17 Double-Bit Axe
10:27 Horse Collar
11:04 Loom
16:08 Scale Barding Armor
17:35 Forging
18:53 Bloodlines
24:29 Wheelbarrow
27:08 Castle Age
25:40 Town Watch
28:05 Bow Saw
28:31 Husbandry
28:53 Chain Barding Armor
29:09 Iron Casting
[CL] Libertaria
6:20 Loom
9:05 Feudal Age
9:35 Double-Bit Axe
10:30 Horse Collar
16:41 Scale Barding Armor
17:52 Bloodlines
18:52 Forging
22:04 Wheelbarrow
25:31 Castle Age
25:13 Gold Mining
26:22 Scale Mail Armor
26:45 Chain Barding Armor
28:03 Iron Casting
28:35 Husbandry
31:05 Bow Saw
33:26 Heavy Plow
36:21 Fletching
[CL] Dubstepyzed
5:48 Loom
8:54 Feudal Age
9:38 Double-Bit Axe
15:27 Fletching
21:08 Wheelbarrow
28:21 Castle Age
27:38 Padded Archer Armor
28:30 Crossbowman
31:33 Bodkin Arrow
32:50 Ballistics
33:04 Bow Saw
37:57 Town Watch
[CL] Davidlk1412
11:38 Feudal Age
11:39 Loom
12:23 Double-Bit Axe
15:27 Castle Age
13:56 Gold Mining
13:50 Fishing Lines
14:43 Fletching
16:30 Bodkin Arrow
17:06 Medium Warships
17:07 Bow Saw
18:58 Wheelbarrow
20:41 Clinker Construction
20:37 Gillnets
21:26 Careening
23:50 Horse Collar
29:51 Hand Cart
33:05 Heavy Plow
33:54 Ballistics
36:40 Imperial Age
35:05 Stone Mining
35:50 Gold Shaft Mining
36:29 Husbandry
36:40 Bloodlines
36:34 Padded Archer Armor
36:47 Town Watch
37:53 Bracer
38:17 Leather Archer Armor
40:25 Conscription
39:26 Elite Mangudai
SistemFix
6:49 Loom
9:13 Feudal Age
11:09 Fishing Lines
11:28 Double-Bit Axe
13:16 Scale Barding Armor
13:21 Horse Collar
14:41 Forging
17:44 Bloodlines
24:37 Castle Age
22:51 Gold Mining
24:25 Light Cavalry
25:31 Chain Barding Armor
27:53 Iron Casting
29:09 Bow Saw
29:45 Gillnets
33:20 Husbandry
Connection lost

Rejoining the realm…

Still unreachable

The connection could not be restored.

Session expired

The server has moved on; the page needs a fresh start.